 Dungeon Crawl Stone Soup version 0.29.0-11-gd7f09526c8 (webtiles) character file.

Game seed: 8368568514938672527

53 bullsaxe the Cudgeller (level 3, -4/31 HPs)
             Began as a Hill Orc Fighter on Sept 3, 2022.
             Was a Follower of Wu Jian.
             Killed by nerve-wracking pain
             ... invoked by Jessica
              (6 damage)
             ... on level 3 of the Dungeon.
             The game lasted 00:02:38 (1862 turns).

bullsaxe the Cudgeller (Hill Orc Fighter)           Turns: 1862, Time: 00:02:39

Health: -4/31      AC:  8    Str: 20    XL:     3   Next: 87%
Magic:  3/3        EV:  9    Int:  8    God:    Wu Jian [*.....]
Gold:   131        SH:  4    Dex: 10    Spells: 2/2 levels left

rFire   . . .      SeeInvis .   a - +0 flail
rCold   . . .      Faith    .   c - +0 buckler
rNeg    . . .      Spirit   .   b - +0 scale mail
rPois   .          Reflect  .   (no helmet)
rElec   .          Harm     .   m - scarf {repulsion}
rCorr   .          Rampage  .   o - +0 pair of gloves
Will    .....                   (no boots)
Stlth   ..........              (no amulet)
HPRegen 0.10/turn               (no ring)
MPRegen 0.08/turn               (no ring)

@: hasted, repel missiles, very quick
A: no striking features
a: Renounce Religion


You were on level 3 of the Dungeon.
You worshipped Wu Jian.
Wu Jian was aware of your devotion.
You visited 1 branch of the dungeon, and saw 3 of its levels.

You collected 131 gold pieces.

Inventory:

Hand Weapons
 a - a +0 flail (weapon)
Missiles
 f - 6 boomerangs (quivered)
Armour
 b - a +0 scale mail (worn)
 c - a +0 buckler (worn)
 m - a scarf of repulsion (worn)
 o - a +0 pair of gloves (worn)
 s - the +2 scale mail of Hitycw {-Tele rElec Str+3 Int+5}
   (You found it on level 2 of the Dungeon)

   Str:       It affects your strength (+3).
   Int:       It affects your intelligence (+5).
   rElec:     It insulates you from electricity.
   -Tele:     It prevents most forms of teleportation.
Jewellery
 n - a ring of positive energy
Scrolls
 j - a scroll of amnesia
 k - a scroll of brand weapon {unknown}
 l - a scroll of teleportation
 p - a scroll of silence {unknown}
 q - a scroll of enchant weapon {unknown}
 u - a scroll of identify {unknown}
Potions
 d - 3 potions of might
 e - a potion of berserk rage {unknown}
 g - a potion of degeneration {unknown}
 h - a potion of haste
 i - a potion of resistance {unknown}
 r - a potion of flight {unknown}
 t - a potion of curing {unknown}


   Skills:
 - Level 3.6 Fighting
 + Level 4.5 Maces & Flails
 - Level 3.2 Armour
 - Level 3.2 Shields


You had 2 spell levels left.
You didn't know any spells.
Your spell library contained the following spells:

 Spells                   Type           Power      Damage    Failure   Level
 Inner Flame              Hex/Fire       0%         N/A       99%         3
 Cause Fear               Hex            0%         N/A       100%        4
 Discord                  Hex            0%         N/A       100%        8


Dungeon Overview and Level Annotations

Branches:
Dungeon (3/15)

Altars:
Wu Jian

Annotations:
D:3 1 transporter, Jessica


Message History

The frilled lizard bites you.
Jessica gestures wildly.
Jessica gestures wildly while chanting.
Jessica blinks!
You spin and attack the frilled lizard.
You closely miss the frilled lizard. Jessica says, "Why did you come here?"
The frilled lizard bites you but does no damage.
You barely miss the frilled lizard. Jessica gestures at you while chanting.
Pain shoots through your body!
The frilled lizard bites you but does no damage.
You barely miss the frilled lizard.
The frilled lizard bites you but does no damage.
Jessica hits you with a +0 dagger.
The frilled lizard hisses.
The frilled lizard barely misses you.
You hit Jessica.
Jessica is heavily wounded.
Jessica hits you but does no damage. The frilled lizard closely misses you.
Jessica hits you but does no damage.
You hit Jessica.
Jessica is almost dead.
Jessica hits you with a +0 dagger.
The frilled lizard bites you but does no damage.
Jessica mumbles some strange words.
Jessica blinks!
You spin and attack the frilled lizard.
You hit the frilled lizard but do no damage.
The frilled lizard bites you but does no damage.
You sock the frilled lizard!
You kill the frilled lizard!
The Council accepts your kill. Jessica casts a spell at you.
Pain shoots through your body!
* * * LOW HITPOINT WARNING * * *
You see here a frilled lizard corpse.
It was a potion of haste.
You feel yourself speed up. Jessica casts a spell at you.
Pain shoots through your body!
You die...

.# .# ########.###.#
............#
#..........#
#..........+
###..........#.
......@........
.....#.#######.##
........†@.......#
...........####..# ####
###.##.....# #..# ... #
#.....# #..# #.
.##.....# #..# #.
........####..# #.
##.#.........##.#.)###.
#.#########.##.#......
#. #.##.##...####.


You could see Jessica (fast).

Vanquished Creatures
  An adder (D:2)
  3 bats (D:1)
  4 endoplasms
  4 giant cockroaches (D:1)
  2 goblins (D:1)
  3 hobgoblins
  4 kobolds
  4 quokkas
  7 ball pythons
  6 frilled lizards
  3 rats
41 creatures vanquished.

Vanquished Creatures (others)
  A plant (D:2)
1 creature vanquished.

Grand Total: 42 creatures vanquished

Notes
Turn   | Place    | Note
-------+----------+-------------------------------------------
     0 | D:1      | bullsaxe the Hill Orc Fighter began the quest for the Orb.
     0 | D:1      | Reached XP level 1. HP: 19/19 MP: 1/1
   303 | D:1      | Reached skill level 3 in Maces & Flails
   303 | D:1      | Reached XP level 2. HP: 24/26 MP: 2/2
   604 | D:1      | Reached XP level 3. HP: 31/31 MP: 3/3
   747 | D:1      | Found a faded altar of an unknown god.
   754 | D:1      | Prayed at the altar of an unknown god.
   754 | D:1      | Became a worshipper of the Wu Jian Council
   754 | D:1      | Reached * piety under Wu Jian
  1202 | D:2      | Reached skill level 4 in Maces & Flails
  1337 | D:2      | Identified the +2 scale mail of Hitycw {-Tele rElec Str+3
                  | Int+5}
  1768 | D:3      | Found a transporter.
  1842 | D:3      | Noticed Jessica
  1862 | D:3      | Killed from afar by Jessica

Illustrated notes

Levels and vault maps discovered:
D:1:      sevenhm_arrival_forest_fort_small_3, layout_basic,
          dreamdust_ecumenical_altar_angels_and_demons
D:2:      layout_rooms, serial_forest, infiniplex_forest_clump_tiny,
          infiniplex_forest_lined_1, infiniplex_forest_fountain,
          infiniplex_forest_pool, infiniplex_forest_clump_medium,
          lemuel_flame_loot_1
D:3:      gammafunk_steamed_eel, layout_basic, uniq_jessica

Skill      XL: |  1  2  3 |
---------------+----------+-----
Maces & Flails | 3 4 |  4.5
Fighting       | |  3.6
Armour         | |  3.2
Shields        | |  3.2

Action                   || total
-------------------------++-------
Melee: Flail             ||   107
Invok: Lunge             ||     6
       Whirlwind         ||     2
  Use: Scroll            ||     2
       Potion            ||     1
Armor: Scale mail        ||    47
Dodge: Dodged            ||    44
Block: Buckler           ||    23
